 Dungeon Crawl Stone Soup version 0.31.0-11-ge490571c62 (webtiles) character file.

Game seed: 17423561537580487995

108 Killerpretzel the Changeling (level 4, -2/29 HPs)
             Began as an Octopode Shapeshifter on Feb 9, 2024.
             Killed from afar by Natasha (3 damage)
             ... with a magic dart
             ... on level 3 of the Dungeon.
             The game lasted 00:04:08 (2083 turns).

Killerpretzel the Changeling (OpSh)                 Turns: 2083, Time: 00:04:09

Health: -2/29      AC:  1    Str: 13    XL:     4   Next: 87%
Magic:  4/4        EV: 13    Int: 12    God:
Gold:   138        SH:  5    Dex: 13    Spells: 3/3 levels left

rFire   . . .        i - +0 short sword (venom)
rCold   . . .        (no shield)
rNeg    . . .        (helmet currently unavailable)
rPois   .            l - amulet of reflection
rElec   .            (no ring)
rCorr   .            (no ring)
SInv    .            (no ring)
Will    .....        (no ring)
Stlth   ++           (no ring)
HPRegen 0.24/turn    (no ring)
MPRegen 0.09/turn    (no ring)
                     (no ring)

%: reflection
@: beast-form, slowed, very slow
A: beast (slay +2), almost no armour, amphibious, 8 rings, camouflage 1,
gelatinous body 1, (nimble swimmer 1), tentacles
a: Begin Untransformation


You were on level 3 of the Dungeon.
You were a hulking beast.
You visited 1 branch of the dungeon, and saw 3 of its levels.

You collected 138 gold pieces.

Inventory:

Hand Weapons
 i - a +0 short sword of venom (weapon)
Missiles
 j - 3 javelins (quivered)
Jewellery
 l - an amulet of reflection (around mantle)
Talismans
 b - a beast talisman
 c - a flux talisman
Wands
 h - a wand of quicksilver (10)
Scrolls
 d - a scroll of fog
 k - 3 scrolls of identify
Potions
 a - a potion of lignification
 e - 2 potions of enlightenment
 f - a potion of curing
 g - 4 potions of heal wounds


   Skills:
 + Level 2.1 Fighting
 + Level 2.7 Dodging
 + Level 3.5 Unarmed Combat
 * Level 3.9 Shapeshifting


You had 3 spell levels left.
You didn't know any spells.
Your spell library contained the following spells:

 Spells                   Type           Power      Damage    Failure   Level
 Lesser Beckoning         Tloc           0%         N/A       45%         2
 Gell's Gravitas          Tloc           0%         N/A       69%         3
 Teleport Other           Tloc           0%         N/A       69%         3


Dungeon Overview and Level Annotations

Branches:
Dungeon (3/15)

Altars:

Shops:
D:2 (

Annotations:
D:3 1 runed translucent door, Killerpretzel's ghost, novice OpSh; Natasha


Innate Abilities, Weirdness & Mutations

You are a hulking beast.
Your limbs bulge with bestial killing power. (Slay +2)
You cannot wear most types of armour.
You are amphibious.
You can wear up to eight rings at the same time.
Your skin changes colour to match your surroundings (Stealth+).
Your rubbery body absorbs attacks. (AC +1, EV +1)
((You are camouflaged when in or above water. (Stealth+)))
You have tentacles for arms and can constrict up to eight enemies at once.


Message History

You barely miss the hobgoblin. You grab the hobgoblin.
Your squeeze misses the hobgoblin. You constrict the hobgoblin.
The hobgoblin barely misses you.
You hit the hobgoblin.
You kill the hobgoblin!
Natasha misses you.
You hit Natasha but do no damage.
Natasha is poisoned.
Your grab misses Natasha. You squeeze Natasha.
Natasha is moderately wounded.
Natasha hisses.
Natasha claws you!
An orc priest comes into view. It is wielding a +0 hand axe.
The rat bites you but does no damage. The ball python barely misses you. x2
You closely miss Natasha. You grab Natasha.
Natasha is moderately wounded.
You constrict Natasha, but do no damage.
You block the ball python's attack. The ball python grabs you.
The ball python constricts you. Natasha closely misses you.
The rat bites you but does no damage. The ball python barely misses you.
The ball python constricts you.
You hit the ball python.
You kill the ball python!
You constrict Natasha. Natasha casts a spell at you.
You feel yourself slow down.
The orc priest miscasts a cantrip.
The rat completely misses you.
You hit Natasha.
Natasha is heavily wounded.
You constrict Natasha. Natasha claws you! The rat completely misses you.
The rat bites you. The orc misses you. Natasha claws you!
* * * LOW HITPOINT WARNING * * *
You block the orc's attack.
You are too injured to fight recklessly!
There are monsters nearby!
You release your grip on Natasha.
Natasha stares at you and mumbles some strange words.
The magic dart hits you.
You die...
Natasha begins licking her fur clean.

##...# .# ..##.######.##
......# .............#
......# .............#
......#
.............####......#
......................
.............###....
........[....# #..# #
.............###hr#.####
##########....#..ho.....
####.#.oo......
#.#.........
#...........
##......o... #..........
##......... #..>..(...


You could see an orc priest, an orc wizard, Natasha (very poisoned), 2 orcs and
a rat.

Vanquished Creatures
  4 adders
  5 dart slugs
  3 ribbon worms (D:2)
  2 bats (D:1)
  9 endoplasms
  6 goblins
  7 hobgoblins
  3 jackals (D:3)
  A quokka (D:2)
  5 ball pythons
  A frilled lizard (D:2)
  2 kobolds (D:1)
  4 rats
52 creatures vanquished.

Notes
Turn   | Place    | Note
-------+----------+-------------------------------------------
     0 | D:1      | Killerpretzel the Octopode Shapeshifter began the quest for
                  | the Orb.
     0 | D:1      | Reached XP level 1. HP: 13/13 MP: 1/1
   298 | D:1      | Reached XP level 2. HP: 18/18 MP: 2/2
   837 | D:2      | Reached XP level 3. HP: 23/23 MP: 3/3
  1202 | D:2      | Found a faded altar of an unknown god.
  1244 | D:2      | Found Duamak's Weapon Shoppe.
  1453 | D:2      | Reached XP level 4. HP: 23/29 MP: 4/4
  1890 | D:3      | Found a runed translucent door.
  1891 | D:3      | Noticed Killerpretzel's ghost (novice OpSh)
  2074 | D:3      | Noticed Natasha
  2082 | D:3      | HP: 1/29 [Natasha (8)]
  2083 | D:3      | Killed from afar by Natasha

Illustrated notes

Levels and vault maps discovered:
D:1:      amcnicky_arrival_blooded_trapdoor, layout_basic
D:2:      minmay_chambers_of_twos, layout_loops_corners, serial_shops,
          nicolae_shop_hallway_plus, nicolae_ecumenical_lake_church
D:3:      layout_basic, kennysheep_orc_sif_temple, mainiacjoe_overflow_alcove_2,
          ebering_ghost_reflecting_pool, minmay_cut_off, uniq_natasha

Skill      XL: |  1  2  3  4 |
---------------+-------------+-----
Fighting       | 2 |  2.1
Dodging        | |  2.7
Unarmed Combat | |  3.5
Shapeshifting  | |  3.9

Action                     |  1- 3 |  4- 6 || total
---------------------------+-------+-------++-------
  Melee: Unarmed           |    21 |       ||    21
         Constrict         |    15 |    12 ||    27
         Tentacles         |    14 |     8 ||    22
         Short sword       |    37 |    34 ||    71
         Punch             |     1 |     1 ||     2
    Use: Scroll            |       |     6 ||     6
   Stab: Sleeping          |     7 |     1 ||     8
 Armour: Skin              |    10 |    16 ||    26
  Dodge: Dodged            |    31 |    18 ||    49
  Block: Other             |     4 |     7 ||    11
